 Dungeon Crawl Stone Soup version 0.30.1-3-gfc49f6343a (webtiles) character file.

Game seed: 17504303029330551582

1859 monsoonserge the Slasher (level 9, -1/73 (102) HPs)
             Began as a Merfolk Gladiator on July 20, 2023.
             Was a Believer of Trog.
             Slain by a wight
             ... wielding a +0 flail
              (2 damage)
             ... on level 6 of the Dungeon.
             The game lasted 00:16:26 (5073 turns).

monsoonserge the Slasher (Merfolk Gladiator)        Turns: 5073, Time: 00:16:26

HP:   -1/73 (102)   AC: 24    Str: 17    XL:     9   Next: 13%
MP:   18/18         EV:  2    Int:  7    God:    Trog [**....]
Gold: 716           SH: 16    Dex: 17    Spells: 8/8 levels left

rFire   + . .        u - +2 short sword (venom)
rCold   . . .        x - +2 tower shield
rNeg    . . .        w - melded +3 leather armour "Sucofen" {Str+3}
rPois   +            c - melded +0 helmet
rElec   .            (cloak currently unavailable)
rCorr   .            (gloves currently unavailable)
SInv    .            s - melded +0 pair of boots
Will    ++...        (no amulet)
Stlth   ++           o - ring of protection from fire
HPRegen 1.32/turn    C - ring of magical power
MPRegen 0.16/turn

%: no passive effects
@: tree-form, strong-willed, on berserk cooldown, attractive, regenerating, very
heavily drained
A: stationary, stasis, torment immunity, boosted hp, (nimble swimmer 2),
(mertail)
a: Renounce Religion, Berserk, Trog's Hand


You were on level 6 of the Dungeon.
You worshipped Trog.
Trog was pleased with you.
You were a tree.
You visited 2 branches of the dungeon, and saw 7 of its levels.

You collected 716 gold pieces.

Inventory:

Hand Weapons
 u - a +2 short sword of venom (weapon)
 y - a +1 antimagic short sword
Missiles
 b - 24 poisoned darts
 d - 3 throwing nets
 e - 3 javelins
 j - 2 boomerangs (quivered)
 r - 4 datura-tipped darts
Armour
 c - a +0 helmet (melded)
 n - the +8 plate armour "Fianixto" {Int+2 Dex+3}
   (You found it on level 4 of the Dungeon)

   Int:       It affects your intelligence (+2).
   Dex:       It affects your dexterity (+3).
 s - a +0 pair of boots (melded)
 w - the +3 leather armour "Sucofen" (melded) {Str+3}
   (You found it on level 3 of the Dungeon)

   Str:       It affects your strength (+3).
 x - a +2 tower shield (worn)
Jewellery
 o - a ring of protection from fire (left branch)
 C - a ring of magical power (right branch)
Scrolls
 a - a scroll of magic mapping {unknown}
 f - 6 scrolls of identify {unknown}
 l - 2 scrolls of poison {unknown}
 p - a scroll of teleportation {unknown}
 t - a scroll of brand weapon {unknown}
 v - 2 scrolls of vulnerability {unknown}
 A - a scroll of fog {unknown}
 D - a scroll of noise {unknown}
Potions
 g - a potion of ambrosia
 h - 4 potions of attraction
 i - a potion of degeneration {unknown}
 k - a potion of might {unknown}
 m - a potion of lignification
 q - a potion of heal wounds {unknown}
 z - a potion of flight {unknown}
 B - a potion of haste {unknown}


   Skills:
 + Level 5.3 Fighting
 + Level 6.2(7.7) Short Blades
 + Level 7.0(8.1) Long Blades
 + Level 2.4 Throwing
 + Level 3.0 Armour
 - Level 6.0 Dodging
 + Level 1.2 Stealth
 + Level 4.6 Shields


You had 8 spell levels left.
You didn't know any spells.
Your spell library contained the following spells:

 Spells                   Type           Power      Damage    Failure   Level
 Freeze                   Ice            0%         1d3       99%         1
 Kiss of Death            Conj/Necr      0%         2d5       99%         1
 Magic Dart               Conj           0%         1d3       99%         1
 Ensorcelled Hibernation  Hex/Ice        0%         N/A       99%         2
 Passwall                 Tmut/Erth      0%         N/A       99%         2
 Searing Ray              Conj           0%         2d4       99%         2
 Confusing Touch          Hex            0%         N/A       100%        3
 Frozen Ramparts          Ice            0%         1d1       100%        3
 Hailstorm                Conj/Ice       0%         3d3       100%        3
 Swiftness                Air            0%         N/A       100%        3
 Dispel Undead            Necr           0%         3d6       100%        4
 Fulminant Prism          Conj/Hex       0%         3d5       100%        4


Dungeon Overview and Level Annotations

Branches:
Dungeon (6/15)             Temple (1/1) D:4

Altars:
Ashenzari
Cheibriados
Dithmenos
Fedhas
Kikubaaqudgha
Makhleb
Qazlal
Ru
Sif Muna
Trog
Vehumet
Wu Jian
Zin
The Shining One

Annotations:
D:4 3 runed translucent doors, Farjai's ghost, amateur DsGl; javelincjr's ghost, amateur DsFi


Innate Abilities, Weirdness & Mutations

You are a tree.
Your roots penetrate the ground, keeping you stationary.
You cannot be teleported.
You are immune to unholy pain and torment.
Your maximum health is greatly increased.
Your equipment is partially melded.
((You are very nimble when in or above water. (Stealth+, EV+, Speed+++)))
((Your lower body shifts to a powerful aquatic tail in water.))


Message History

You feel drained. The wight freezes you. The wight hits you with a +0 flail.
The wight hits you with a +0 hand axe.
You feel drained.
You bump into the rock wall.
The wight hits you but does no damage. The wight misses you.
The wight hits you with a +1 hand axe of freezing.
The wight freezes you.
Unknown command.
You miss the wight.
You feel less invigorated.
You feel less confused. The wight hits you with a +0 hand axe.
You block the wight's attack. The wight hits you but does no damage.
Unknown command.
You hit the wight but do no damage.
The wight is almost destroyed.
You block the wight's attack. The wight misses you.
The wight hits you with a +1 hand axe of freezing.
The wight freezes you. You block the wight's attack. x2
The wight hits you with a +0 hand axe.
You feel drained.
Unknown command.
Your skin crawls.
You feel strong-willed. You block the wight's attack.
The wight hits you with a +0 flail!
* * * LOW HITPOINT WARNING * * *
You feel drained.
* * * LOW HITPOINT WARNING * * *
The wight hits you with a +1 hand axe of freezing.
* * * LOW HITPOINT WARNING * * *
The wight freezes you.
* * * LOW HITPOINT WARNING * * *
It was a potion of lignification.
You turn into a tree.
Your +0 helmet melds into your body.
Your +0 pair of boots melds into your body.
The +3 leather armour "Sucofen" {Str+3} melds into your body.
Your roots penetrate the ground.
You feel yourself speed up.
You block the wight's attack. x3; The wight hits you but does no damage.
The wight hits you with a +0 flail!
* * * LOW HITPOINT WARNING * * *
You feel drained.
You die...

..... ..... ......##...###
.. .......#..... ...
........#....##...
#..................
#..................
#..........$..........#
#.........z#z.........# ###
#........)z♣..###+...##...#
#.......†........+...''...#
#................#...##...#
#.........................#
#..................[......#
#.........................#
##....###.................#
#.... ######...###......#
#.... #.....#......#


You could see 3 wights.

Vanquished Creatures
  Prince Ribbit (D:6)
  Eustachio (D:4)
  A water moccasin (D:6)
  An ice beast (D:4)
  5 ogres
  The ghost of Gorgoleon the Slasher, an amateur HuFi (D:3)
  2 phantoms
  A bullfrog (D:5)
  2 scorpions
  2 howler monkeys
  2 hounds
  3 iguanas
  2 orc wizards
  3 gnolls
  8 adders
  A white imp (D:6)
  3 ufetubi
  A worm (D:3)
  3 dart slugs (D:3)
  23 orcs
  7 ball pythons
  2 bats
  8 endoplasms
  4 giant cockroaches
  6 goblins
  2 hobgoblins
  4 jackals (D:2)
  7 quokkas
  2 frilled lizards
  6 kobolds
  6 rats
120 creatures vanquished.

Notes
Turn   | Place    | Note
-------+----------+-------------------------------------------
     0 | D:1      | monsoonserge the Merfolk Gladiator began the quest for the
                  | Orb.
     0 | D:1      | Reached XP level 1. HP: 16/16 MP: 1/1
   475 | D:1      | Reached XP level 2. HP: 9/22 MP: 2/2
   615 | D:1      | Reached skill level 4 in Long Blades
   819 | D:2      | You fall into a shaft and drop 2 floors!
   881 | D:4      | Reached XP level 3. HP: 25/28 MP: 3/3
   967 | D:4      | Found a staircase to the Ecumenical Temple.
   976 | Temple   | Entered the Ecumenical Temple
  1065 | Temple   | Became a worshipper of Trog the Wrathful
  1110 | D:4      | Reached skill level 5 in Dodging
  1110 | D:4      | Reached XP level 4. HP: 20/34 MP: 4/4
  1288 | D:4      | Found a runed translucent gate.
  1288 | D:4      | Found a runed translucent gate.
  1288 | D:4      | Found a runed translucent gate.
  1291 | D:4      | Noticed javelincjr's ghost (amateur DsFi)
  1291 | D:4      | Noticed Farjai's ghost (amateur DsGl)
  1319 | D:4      | Identified the +8 plate armour "Fianixto" {Int+2 Dex+3}
  1375 | D:3      | Found a transporter.
  1375 | D:3      | Noticed Gorgoleon's ghost (amateur HuFi)
  1532 | D:3      | Reached skill level 5 in Long Blades
  1532 | D:3      | Reached skill level 1 in Armour
  1532 | D:3      | Reached XP level 5. HP: 38/39 MP: 5/5
  1747 | D:2      | Reached * piety under Trog
  1937 | D:2      | Found a faded altar of an unknown god.
  2372 | D:3      | Noticed an ogre
  2377 | D:3      | Killed an ogre
  2378 | D:3      | Reached skill level 6 in Long Blades
  2378 | D:3      | Reached XP level 6. HP: 47/47 MP: 6/6
  2493 | D:3      | Found a glowing silver altar of Zin.
  2618 | D:3      | Found a transporter.
  2821 | D:3      | Identified the +3 leather armour "Sucofen" {Str+3}
  2910 | D:3      | Killed Gorgoleon's ghost
  3213 | D:4      | Noticed an ice beast
  3227 | D:4      | Killed an ice beast
  3228 | D:4      | Reached skill level 1 in Short Blades
  3228 | D:4      | Reached XP level 7. HP: 52/52 MP: 7/7
  3307 | D:4      | Reached ** piety under Trog
  3436 | D:4      | Reached skill level 7 in Long Blades
  3702 | D:4      | Noticed Eustachio
  3716 | D:4      | Killed Eustachio
  3717 | D:4      | Reached skill level 1 in Shields
  3848 | D:5      | Entered Level 5 of the Dungeon
  3866 | D:5      | Reached XP level 8. HP: 59/60 MP: 8/8
  4120 | D:5      | Reached skill level 1 in Stealth
  4916 | D:6      | Reached skill level 5 in Short Blades
  4932 | D:6      | Reached skill level 5 in Fighting
  5027 | D:6      | Noticed Prince Ribbit
  5040 | D:6      | Reached XP level 9. HP: 68/68 MP: 9/9
  5045 | D:6      | Killed Prince Ribbit
  5073 | D:6      | HP: 1/76 [wight/+0 flail (10)]
  5073 | D:6      | Slain by a wight

Illustrated notes

Levels and vault maps discovered:
D:1:      wander_arrival_chamber, layout_basic
D:2:      layout_basic, ebering_ecumenical_altar_box
D:3:      layout_basic, zin_treasury, gammafunk_ghost_arena,
          minmay_stone_trees_medium, minmay_increasing_density
D:4:      minmay_polygon_palace, layout_basic, minmay_temple_entry_grid,
          gammafunk_ghost_cemetery, uniq_eustachio
D:5:      layout_rooms, serial_curves, eino_curves_03, eino_curves_02,
          eino_curves_04
D:6:      layout_basic, uniq_prince_ribbit1, uniq_maggie,
          uniq_crazy_yiuf_cottage
Temple:   bh_familiar_temple

Skill      XL: |  1  2  3  4  5  6  7  8  9 |
---------------+----------------------------+-----
Long Blades    | 4 5 6 7 |  7.0
Dodging        | 5 6 |  6.0
Armour         | 1 2 3 |  3.0
Fighting       | 3 4 5 |  5.3
Short Blades   | 1 3 5 6 |  6.2
Shields        | 1 4 |  4.6
Stealth        | 1 |  1.2
Throwing       | |  2.4

Action                     |  1- 3 |  4- 6 |  7- 9 || total
---------------------------+-------+-------+-------++-------
  Melee: Long sword        |    64 |   120 |       ||   184
         Punch             |     1 |     1 |     3 ||     5
         Short sword       |       |    70 |   241 ||   311
  Throw: Dart              |       |     2 |       ||     2
         Javelin           |       |     2 |       ||     2
         Boomerang         |       |     1 |     1 ||     2
 Invoke: Berserk           |       |     3 |     1 ||     4
         Trog's Hand       |       |       |     2 ||     2
    Use: Potion            |       |       |     3 ||     3
 Armour: Leather armour    |     3 |    11 |    53 ||    67
         Ring mail         |    15 |     4 |       ||    19
         Chain mail        |       |    70 |       ||    70
         Skin              |       |       |     1 ||     1
  Dodge: Dodged            |    45 |   119 |    91 ||   255
  Block: Tower shield      |       |       |   163 ||   163
